 Dungeon Crawl Stone Soup version 0.29.0-4-gdea44cf6ec (webtiles) character file.

Game seed: 3820781923200366590

30 qw the Chopper (level 3, 0/21 HPs)
             Began as a Tengu Warper on Aug 29, 2022.
             Succumbed to their own poison gas
             ... on level 1 of the Dungeon.
             The game lasted 00:00:21 (1477 turns).

qw the Chopper (Tengu Warper)                       Turns: 1477, Time: 00:00:22

Health: 0/21       AC: 10    Str: 13    XL:     3   Next: 18%
Magic:  7/7        EV:  3    Int: 13    God:
Gold:   60         SH:  0    Dex: 13    Spells: 6/6 levels left

rFire   . . .      SeeInvis .   Y - +0 hand axe
rCold   . . .      Faith    .   (no shield)
rNeg    . . .      Spirit   .   d - +0 plate armour
rPois   .          Reflect  .   (helmet restricted)
rElec   .          Harm     .   (no cloak)
rCorr   .          Rampage  .   (no gloves)
Will    .....                   (boots unavailable)
Stlth   ..........              (no amulet)
HPRegen 0.07/turn               (no ring)
MPRegen 0.10/turn               (no ring)

@: lethally poisoned (0 -> -9)
A: beak, talons 3
a: no special abilities


You were on level 1 of the Dungeon.
You visited 1 branch of the dungeon, and saw 1 of its levels.

You collected 60 gold pieces.


Innate Abilities, Weirdness & Mutations

You have a beak for a mouth.
You have claws for feet.


   Skills:
 - Level 2.0 Fighting
 + Level 3.9 Axes
 - Level 1.0 Throwing
 - Level 1.1 Armour
 - Level 2.1 Dodging
 - Level 2.0 Spellcasting
 - Level 2.4 Translocations


You had 6 spell levels left.
You didn't know any spells.
Your spell library contained the following spells:

 Spells                   Type           Power      Damage    Failure   Level
 Blink                    Tloc           14%        N/A       100%        2
 Gell's Gravitas          Tloc           7%         N/A       100%        3
 Lesser Beckoning         Tloc           7%         N/A       100%        3
 Teleport Other           Tloc           7%         N/A       100%        3
 Manifold Assault         Tloc           7%         N/A       100%        5

Inventory:

Hand Weapons
 k - a +0 whip
 Y - a +0 hand axe (weapon)
Armour
 d - a +0 plate armour (worn)
Potions
 f - a potion of brilliance {unknown}
 g - a potion of invisibility {unknown}
 i - a potion of heal wounds

Dungeon Overview and Level Annotations

Branches:
Dungeon (1/15)

Altars:


Message History

It is a scroll of identify.
Really abort (and waste the scroll)?
Done exploring.
1468 ||| READING scroll labelled LOFFUPP MOUDIBBA.
The air fills with toxic fumes!
As you read the scroll labelled LOFFUPP MOUDIBBA, it crumbles to dust.
It was a scroll of poison.
Done exploring.
1469 ||| READING 2 scrolls labelled BIELEA OCVAWU.
As you read the scroll labelled BIELEA OCVAWU, it crumbles to dust.
You assume a fearsome visage.
Nothing appears to happen.
It was a scroll of fear.
Done exploring.
1470 ||| DRINKING 2 orange potions.
It was a potion of heal wounds.
You feel much better.
Done exploring.
1471 ||| DROPPING scroll of blinking.
You drop a scroll of blinking.
Done exploring.
1472 ||| DROPPING scroll of fear.
You drop a scroll of fear.
Done exploring.
(D) Dungeon
Where to? (* - list waypoints, ? - help)
What level of the Dungeon? (default 1, ? - help) Sorry, I don't know how to get there.
Done exploring.
1473 ||| Stepping randomly (stuck).
Really walk into that cloud of poison gas?
You are engulfed in poison gas.
You are lethally poisoned!
You feel very sick.
1474 ||| Stepping ~*~*~tactically~*~*~ (cloud).
You feel very sick.
Things that are here:
a scroll of fear; a scroll of blinking; a +0 leather armour
There is a lethal amount of poison in your body!
You feel very sick.
There is a lethal amount of poison in your body!
You feel sick.
There is a lethal amount of poison in your body!
You die...

######### ###
#¤......# ##.#
#¤#####.# ##...
#¤# #.######....
#¤# #...........
#¤# #.########.#
#0#####¤# #.#
#@¤¤¤¤00# #.#
####¤#### ##+#
#.# ##... ##.###
##.... #..#.##
##.....
#.#...####......
#........+......
#.#...####......
##.##.## ##.....


There were no monsters in sight!

Vanquished Creatures
  A gnoll (D:1)
  A dart slug (D:1)
  2 endoplasms (D:1)
  2 giant cockroaches (D:1)
  2 hobgoblins (D:1)
  3 kobolds (D:1)
  3 ball pythons (D:1)
  2 frilled lizards (D:1)
  2 rats (D:1)
18 creatures vanquished.

Notes
Turn   | Place    | Note
-------+----------+-------------------------------------------
     0 | D:1      | qw the Tengu Warper began the quest for the Orb.
     0 | D:1      | Reached XP level 1. HP: 12/12 MP: 4/4
     0 | D:1      | 0 ||| qw: Version: 0.1-a-89-g26bdef1
     0 | D:1      | 0 ||| qw: Game counter: 3588
     0 | D:1      | 0 ||| qw: Always use a shield: true
     0 | D:1      | 0 ||| qw: God list: Okawaru
     0 | D:1      | 0 ||| qw: Allow faded altars: false
     0 | D:1      | 0 ||| qw: Do Orc after D:15 true
     0 | D:1      | 0 ||| qw: Do second Lair branch before Depths: true
     0 | D:1      | 0 ||| qw: Lair rune preference: random
     0 | D:1      | 0 ||| qw: Plans: Normal
     0 | D:1      | 0 ||| PLANNING D:1-11
     2 | D:1      | Noticed a draconian
     2 | D:1      | Noticed a naga
     4 | D:1      | Noticed an octopode
     4 | D:1      | Noticed a demigod
     6 | D:1      | Noticed a demonspawn
     6 | D:1      | Noticed an elf
     8 | D:1      | Noticed a spriggan
     8 | D:1      | Noticed a troll
    10 | D:1      | Noticed a meteoran
    10 | D:1      | Noticed a vampire
    12 | D:1      | Noticed a gargoyle
    14 | D:1      | Noticed a palentonga
    16 | D:1      | Noticed a vine stalker
    16 | D:1      | Noticed a ghoul
    18 | D:1      | Noticed a felid
    18 | D:1      | Noticed a human
    20 | D:1      | Noticed an ogre
    20 | D:1      | Noticed a minotaur
    22 | D:1      | Noticed a formicid
    22 | D:1      | Noticed a merfolk
    26 | D:1      | Noticed a spriggan
    26 | D:1      | Noticed an ogre
    81 | D:1      | Found a faded altar of an unknown god.
   337 | D:1      | 337 ||| Stepping ~*~*~tactically~*~*~ (hiding).
   439 | D:1      | 439 ||| Stepping ~*~*~tactically~*~*~ (hiding).
   541 | D:1      | 541 ||| Stepping ~*~*~tactically~*~*~ (hiding).
   551 | D:1      | Reached skill level 3 in Axes
   551 | D:1      | Reached XP level 2. HP: 17/17 MP: 6/6
   576 | D:1      | 576 ||| Stepping ~*~*~tactically~*~*~ (stealth).
   598 | D:1      | 598 ||| Stepping ~*~*~tactically~*~*~ (stealth).
   603 | D:1      | 603 ||| Stepping ~*~*~tactically~*~*~ (stealth).
   606 | D:1      | 606 ||| Stepping ~*~*~tactically~*~*~ (stealth).
   617 | D:1      | 617 ||| Stepping ~*~*~tactically~*~*~ (stealth).
   619 | D:1      | 619 ||| Stepping ~*~*~tactically~*~*~ (stealth).
   620 | D:1      | 620 ||| Stepping ~*~*~tactically~*~*~ (stealth).
   621 | D:1      | 621 ||| Stepping ~*~*~tactically~*~*~ (stealth).
   702 | D:1      | HP: 4/17 [gnoll/+0 spear (5)]
   703 | D:1      | HP: 1/17 [gnoll/+0 spear (3)]
   707 | D:1      | Reached XP level 3. HP: 1/21 MP: 7/7
  1330 | D:1      | 1330 ||| Stepping ~*~*~tactically~*~*~ (stealth).
  1345 | D:1      | 1345 ||| Stepping ~*~*~tactically~*~*~ (stealth).
  1456 | D:1      | 1456 ||| UPGRADING to +0 plate armour.
  1466 | D:1      | 1466 ||| DROPPING +0 leather armour.
  1467 | D:1      | 1467 ||| READING scroll labelled HYASSA QOENU.
  1468 | D:1      | 1468 ||| READING scroll labelled LOFFUPP MOUDIBBA.
  1469 | D:1      | 1469 ||| READING 2 scrolls labelled BIELEA OCVAWU.
  1470 | D:1      | 1470 ||| DRINKING 2 orange potions.
  1471 | D:1      | 1471 ||| DROPPING scroll of blinking.
  1472 | D:1      | 1472 ||| DROPPING scroll of fear.
  1473 | D:1      | 1473 ||| Stepping randomly (stuck).
  1474 | D:1      | 1474 ||| Stepping ~*~*~tactically~*~*~ (cloud).
  1475 | D:1      | HP: 4/21 [poisoned by you (poison gas)]
  1477 | D:1      | Succumbed to their own poison gas

Levels and vault maps discovered:
D:1:      kb_arrival_jail, layout_loops_corners,
          dreamdust_ecumenical_altar_statues, st_stairs_6

Skill      XL: |  1 |
---------------+----+-----
Axes           | 3 |  3.9
Fighting       | |  2.0
Throwing       | |  1.0
Armour         | |  1.1
Dodging        | |  2.1
Spellcasting   | |  2.0
Translocations | |  2.4

Action                   || total
-------------------------++-------
Melee: Hand axe          ||    29
       Kick              ||    10
       Peck              ||     3
Throw: Boomerang         ||     7
  Use: Scroll            ||     3
       Potion            ||     1
Armor: Leather armour    ||     2
Dodge: Dodged            ||    13

Table legend:
 A = Non-vault XP
 B = Vault XP
 C = Vault XP percentage of total XP
 D = Non-vault monster count
 E = Vault monster count
 F = Vault count percentage of total count
                 A         B        C        D         E       F
            +---------+---------+-------+---------+---------+-------
      Total |      41 |       2 |   4.7 |      17 |       1 |   5.6
            +---------+---------+-------+---------+---------+-------
        D:1 |      41 |       2 |   4.7 |      17 |       1 |   5.6
            +---------+---------+-------+---------+---------+-------
